AoeStats
← Giovanni Giorgio

MegaRandom

508265005Analyzed
3v3 RM · 10d ago on Sep 21, 2026· 40m 34s· 6 players
Game mode
Random Map
Map size
Normal (6 player)
Population
200
Speed
Normal
Resources
Standard
Victory
Conquest
Starting age
Dark Age
Ending age
Imperial Age
RankedLock teamsTeams togetherTeam positionsShared explorationLock speedFull tech treeHidden civsTurbo modeCheats
Victory
Defeat
🇦🇷 Ethiopians · Argentina
884
+13
🇫🇷 Franks · France
847
+13
🇧🇷 Georgians · Brazil
846
+14
🇵🇱 Huns · Poland
826
-14
🇵🇱 Teutons · Poland
800
-13
🇵🇱 Bulgarians · Poland
797
-13
Socrate78
3:59 Loom
13:01 Feudal Age
13:27 Double-Bit Axe
14:39 Wheelbarrow
20:08 Castle Age
18:13 Gold Mining
21:15 Hand Cart
21:43 Gold Shaft Mining
23:38 Scale Barding Armor
23:45 Forging
23:58 Stone Mining
27:45 Chain Barding Armor
30:28 Iron Casting
32:16 Fletching
35:09 Imperial Age
34:13 Caravan
35:17 Fervor
35:32 Sanctity
35:19 Scale Mail Armor
35:49 Husbandry
35:09 Light Cavalry
36:28 Plate Barding Armor
36:36 Cavalier
39:25 Blast Furnace
suntzu
3:07 Loom
10:47 Feudal Age
12:07 Wheelbarrow
11:19 Double-Bit Axe
11:31 Horse Collar
18:08 Forging
23:35 Castle Age
22:12 Gold Mining
22:36 Scale Barding Armor
22:23 Fletching
23:12 Bloodlines
25:40 Bow Saw
26:29 Heavy Plow
27:30 Husbandry
26:50 Light Cavalry
28:00 Chain Barding Armor
29:28 Hand Cart
30:05 Iron Casting
29:26 Bodkin Arrow
32:31 Town Watch
39:46 Imperial Age
39:16 Caravan
40:07 Cavalier
hernan.rataj
13:56 Loom
16:06 Feudal Age
17:02 Double-Bit Axe
25:20 Castle Age
23:43 Gold Mining
25:20 Horse Collar
28:00 Bow Saw
29:01 Scale Mail Armor
29:03 Crossbowman
32:54 Forging
33:00 Chain Mail Armor
33:29 Wheelbarrow
32:58 Squires
35:16 Hand Cart
36:34 Heavy Plow
36:21 Light Cavalry
37:31 Fletching
37:55 Thumb Ring
40:18 Gold Shaft Mining
| XG | GAMBA. BIG YAHU
9:19 Loom
14:08 Feudal Age
14:47 Double-Bit Axe
16:26 Wheelbarrow
22:16 Castle Age
22:40 Elite Skirmisher
31:47 Bow Saw
31:19 Horse Collar
34:31 Scale Mail Armor
38:30 Devotion
41:08 Imperial Age
40:15 Hand Cart
Giovanni Giorgio
5:39 Loom
21:17 Feudal Age
MaCo67
9:38 Loom
12:38 Feudal Age
12:59 Horse Collar
13:56 Wheelbarrow
24:11 Castle Age
25:17 Pikeman
29:34 Marauders
32:52 Gold Mining
33:50 Double-Bit Axe
35:33 Bow Saw
38:32 Hand Cart
38:24 Heavy Plow
40:09 Bloodlines
40:56 Husbandry
Connection lost

Rejoining the realm…

Still unreachable

The connection could not be restored.

Session expired

The server has moved on; the page needs a fresh start.